 Dungeon Crawl Stone Soup version 0.22-a0-284-g99d1f74 (webtiles) character file.

38 grindst0ne the Sneak (level 3, -3/23 HPs)
             Began as an Octopode Ice Elementalist on Mar 20, 2018.
             Killed by divine providence
             ... invoked by an orc priest
              (16 damage)
             ... on level 2 of the Dungeon.
             The game lasted 00:03:11 (1245 turns).

grindst0ne the Sneak (Octopode Ice Elementalist)    Turns: 1245, Time: 00:03:12

Health: -3/23      AC:  1    Str:  7    XL:     3   Next: 43%
Magic:  6/6        EV: 13    Int: 18    God:
Gold:   20         SH:  0    Dex: 12    Spells: 2/6 levels left

rFire    . . .     SeeInvis .   e - +0 short sword
rCold    . . .     Gourm    .   (no shield)
rNeg     . . .     Faith    .   (helmet restricted)
rPois    .         Spirit   .   (no amulet)
rElec    .         Reflect  .   (no ring)
rCorr    .         Harm     .   (no ring)
MR       .....                  (no ring)
Stlth    +++.......             (no ring)
HPRegen  0.07/turn              (no ring)
MPRegen  0.10/turn              (no ring)
                                (no ring)
                                (no ring)

@: no status effects
A: almost no armour, stealthy swim, amphibious, 8 rings, constrict 8, camouflage
1, gelatinous body 1
a: no special abilities


You were on level 2 of the Dungeon.
You were not hungry.

You visited 1 branch of the dungeon, and saw 2 of its levels.

You collected 20 gold pieces.

Inventory:

Hand Weapons
 a - a +0 hand axe
 d - a +0 whip
 e - a +0 short sword (weapon)
Missiles
 c - 5 tomahawks (quivered)
Scrolls
 g - a scroll of teleportation {unknown}
 h - 2 scrolls of identify {unknown}
Comestibles
 b - 7 rations
 f - a chunk of flesh


   Skills:
 + Level 1.4 Fighting
 - Level 2.0 Dodging
 + Level 3.7 Stealth
 - Level 2.0 Spellcasting
   Level 1.0 Conjurations
 + Level 0.0 Charms
 + Level 3.5 Ice Magic


You had 2 spell levels left.
You knew the following spells:

 Your Spells              Type           Power        Failure   Level  Hunger
a - Freeze                Ice            ##..         4%          1    #......
b - Ozocubu's Armour      Chrm/Ice       #.......     26%         3    ###....


Dungeon Overview and Level Annotations

Branches:
Dungeon (2/15)

Altars:


Innate Abilities, Weirdness & Mutations

You cannot wear most types of armour.
You are very stealthy in the water. (Stealth+)
You are amphibious.
You can wear up to eight rings at the same time.
You can use your tentacles to constrict eight enemies at once.
Your skin changes colour to match your surroundings (Stealth+).
Your rubbery body absorbs attacks. (AC +1, EV +1)


Message History

You hit the orc priest.
The orc priest is heavily wounded.
You constrict the orc priest, but do no damage.
The orc priest barely misses you.
You hit the orc priest but do no damage.
The orc priest is heavily wounded.
You constrict the orc priest, but do no damage.
The orc priest barely misses you.
You barely miss the orc priest.
The orc priest is heavily wounded.
You constrict the orc priest, but do no damage.
The orc priest hits you with a short sword!
The orc priest hits you with a short sword.
You hit the orc priest but do no damage.
The orc priest is heavily wounded.
You constrict the orc priest, but do no damage.
The orc priest calls down the wrath of Beogh upon you.
Beogh smites you!
Ouch! That really hurt!
You die...

#..# #.#
#.# #.#
#.## #..#
##.#
#o#+####
#@.....#
#......#
#......#
#......#
#......#
###.....#
#.'.>...#
#.#.....##
#.#......#


You could see an orc priest.

Vanquished Creatures
  An adder (D:2)
  An ooze (D:2)
  A leopard gecko (D:1)
  A ball python (D:1)
  3 giant cockroaches (D:1)
  3 jackals (D:1)
  3 bats
  A frilled lizard (D:1)
  3 goblins
  4 kobolds (D:1)
  4 rats
25 creatures vanquished.

Notes
Turn   | Place    | Note
-------+----------+-------------------------------------------
     0 | D:1      | grindst0ne the Octopode Ice Elementalist began the quest for the Orb.
     0 | D:1      | Reached XP level 1. HP: 11/11 MP: 3/3
   450 | D:1      | Reached XP level 2. HP: 18/18 MP: 5/5
   573 | D:1      | Reached skill level 1 in Fighting
   980 | D:2      | Reached XP level 3. HP: 21/23 MP: 3/6
  1166 | D:2      | Learned a level 3 spell: Ozocubu's Armour
  1245 | D:2      | Killed from afar by an orc priest

Vault maps used:
D:1:      scummos_arrival_checkerplants, minmay_fountain_box
D:2:      lemuel_round_altar, minmay_misc_feat_plants

Skill      XL: |  1  2 |
---------------+-------+-----
Stealth        | 3 |  3.7
Fighting       | 1 |  1.4
Dodging        | |  2.0
Spellcasting   | |  2.0
Conjurations   | |  1.0
Ice Magic      | |  3.5

Action                   || total
-------------------------++-------
Melee: Short sword       ||    48
       Constrict         ||    12
       Whip              ||     2
       Hand axe          ||     2
       Tentacles         ||     8
 Cast: Freeze            ||    11
 Stab: Sleeping          ||     7
  Eat: Chunk             ||     1
Armor: Skin              ||     4
Dodge: Dodged            ||    41

Table legend:
 A = Spawn XP
 B = Non-spawn XP
 C = Spawn XP percentage of total XP
 D = Spawn monster count
 E = Non-spawn monster count
 F = Spawn count percentage of total count
 G = Total turns spent on level
                    A         B        C        D         E        F      G
               +---------+---------+-------+---------+---------+-------+---------
         Total |       0 |      55 |   0.0 |       0 |      25 |   0.0 |  1245
               +---------+---------+-------+---------+---------+-------+---------
           D:1 |       0 |      29 |   0.0 |       0 |      19 |   0.0 |   856
           D:2 |       0 |      26 |   0.0 |       0 |       6 |   0.0 |   389
               +---------+---------+-------+---------+---------+-------+---------
